 Dungeon Sprint DCSS version 0.23-a0-516-g0f8c245 (webtiles) character file.

1954 JosiahThimblerig the Cleaver (level 9, 0/90 HPs)
             Began as a Hill Orc Fighter on Dec 5, 2018.
             Was a Follower of Vehumet.
             Splashed by an oklob plant's acid (10 damage)
             ... in the Dungeon (Sprint I: "Red Sonja").
             The game lasted 00:11:49 (1565 turns).

JosiahThimblerig the Cleaver (Hill Orc Fighter)     Turns: 1565, Time: 00:11:51

Health: 0/90       AC:  0    Str: 19    XL:     9   Next: 19%
Magic:  7/9        EV: 12    Int: 10    God:    Vehumet [*.....]
Gold:   366        SH: 12    Dex: 11    Spells: 7/8 levels left

rFire    . . .     SeeInvis .   a - +0 war axe
rCold    . . .     Gourm    .   c - +0 shield
rNeg     . . .     Faith    .   p - +1 robe
rPois    .         Spirit   .   (no helmet)
rElec    .         Reflect  .   (no cloak)
rCorr    .         Harm     .   (no gloves)
MR       .....     NoTele   +   (no boots)
Stlth    +.........             (no amulet)
HPRegen  0.25/turn              (no ring)
MPRegen  0.11/turn              (no ring)

@: corroded, very slightly contaminated
A: no striking features
a: Renounce Religion


You were in the Dungeon.
You worshipped Vehumet.
Vehumet was aware of your devotion.
You were not hungry.

You visited 1 branch You collected 422 gold pieces.
You spent 56 gold pieces at shops.

Inventory:

Hand Weapons
 a - a +0 war axe (weapon)
 d - a +0 shortbow
 g - a +0 giant spiked club
 j - a +0 longbow
 o - a +2 vampiric scythe
Missiles
 m - 14 poisoned needles
 q - 13 bolts
 r - 6 tomahawks (quivered)
 s - 24 arrows
Armour
 b - a +0 scale mail
 c - a +0 shield (worn)
 n - a +0 ring mail
 p - a +1 robe (worn)
Scrolls
 k - a scroll of blinking
 t - a scroll of identify {unknown}
Potions
 h - a potion of haste
 i - 2 potions of magic
 l - a potion of flight {unknown}


   Skills:
 + Level 11.8 Fighting
 + Level 13.0 Axes
 + Level 1.1 Throwing
 + Level 11.0 Armour
 + Level 3.5 Dodging
 + Level 0.4 Stealth
 + Level 11.4 Shields


You had 7 spell levels left.
You knew the following spells:

 Your Spells              Type           Power        Failure   Level  Hunger
a - Magic Dart            Conj           #...         52%         1    ##.....
Your spell library was empty.

Dungeon Overview and Level Annotations

Branches:
Dungeon (1/1)

Altars:
Cheibriados
Dithmenos
Elyvilon
Fedhas
Gozag
Hepliaklqana
Kikubaaqudgha
Nemelex Xobeh
Okawaru
Qazlal
Ru
Sif Muna
Trog
Uskayaw
Vehumet
Wu Jian
Yredelemnul
Zin
The Shining One

Shops:
D (

Annotations:
D exclusion: oklob plant


Message History

The acid burns!
There is an open door here.
You hit the oklob plant but do no damage.
The oklob plant is lightly damaged.
You hit the oklob plant but do no damage.
The oklob plant is lightly damaged.
You hit the oklob plant but do no damage.
The oklob plant is lightly damaged.
The oklob plant spits acid at you. The splash of acid hits you!
You are splashed with acid!
The acid burns!
* * * LOW HITPOINT WARNING * * *
You hit the oklob plant.
The oklob plant is lightly damaged.
You hit the oklob plant but do no damage.
The oklob plant is lightly damaged.
The oklob plant spits acid at you. The splash of acid hits you!
* * * LOW HITPOINT WARNING * * *
The acid corrodes you!
You are splashed with acid!
The acid burns!
You die...

#########
..#..'..#
..'..#..+
#'#####'# ####
..#...#.####§§####
###..##.#≈≈§.§#§§#
__##'#_§(§§§§§§§.#
...'..._#≈§§§§#..#
__##_.#+##+#####@#
__###+# #P+ ###
###


You could see an oklob plant.

Vanquished Creatures
  2 centaur warriors (D)
  A hornet (D)
  Sigmund (D)
  A yak (D)
  An ogre (D)
  A jelly (D)
  Ijyb (D)
8 creatures vanquished.

Notes
Turn   | Place    | Note
-------+----------+-------------------------------------------
     0 | D        | JosiahThimblerig the Hill Orc Fighter began the quest for
                  | the Orb.
     0 | D        | Reached XP level 1. HP: 19/19 MP: 1/1
     1 | D        | Noticed Ijyb
    22 | D        | Killed Ijyb
    22 | D        | Reached skill level 5 in Fighting
    22 | D        | Reached skill level 3 in Axes
    22 | D        | Reached XP level 2. HP: 19/29 MP: 2/2
    22 | D        | Reached XP level 3. HP: 24/36 MP: 3/3
   128 | D        | Noticed an ogre
   135 | D        | Killed an ogre
   135 | D        | Reached skill level 5 in Axes
   135 | D        | Reached XP level 4. HP: 28/45 MP: 4/4
   142 | D        | Noticed Sigmund
   150 | D        | Killed Sigmund
   150 | D        | Reached skill level 6 in Axes
   150 | D        | Reached XP level 5. HP: 17/56 MP: 5/5
   150 | D        | Reached XP level 6. HP: 19/62 MP: 6/6
   438 | D        | Found a deep blue altar of Sif Muna.
   439 | D        | Found an ornate altar of the Wu Jian Council.
   440 | D        | Found a radiant altar of Vehumet.
   446 | D        | Reached skill level 7 in Axes
   446 | D        | Reached skill level 1 in Dodging
   492 | D        | Became a worshipper of Vehumet
   507 | D        | Found Woclup's Weapon Emporium.
   507 | D        | Found an ancient bone altar of Kikubaaqudgha.
   507 | D        | Found a hazy altar of Hepliaklqana.
   507 | D        | Found a hide-covered altar of Uskayaw.
   507 | D        | Found a basalt altar of Yredelemnul.
   507 | D        | Found an opulent altar of Gozag.
   507 | D        | Found a snail-covered altar of Cheibriados.
   507 | D        | Found a sacrificial altar of Ru.
   507 | D        | Found a shadowy altar of Dithmenos.
   507 | D        | Noticed a yak
   518 | D        | Killed a yak
   518 | D        | Reached skill level 8 in Axes
   518 | D        | Reached XP level 7. HP: 40/70 MP: 7/7
   519 | D        | Found a stormy altar of Qazlal.
   519 | D        | Found a blossoming altar of Fedhas.
   519 | D        | Found a bloodstained altar of Trog.
   519 | D        | Found an iron altar of Okawaru.
   519 | D        | Found a glowing golden altar of the Shining One.
   519 | D        | Found a glowing silver altar of Zin.
   519 | D        | Found a white marble altar of Elyvilon.
   669 | D        | Found a sparkling altar of Nemelex Xobeh.
   673 | D        | Bought 8 tomahawks for 56 gold pieces
   682 | D        | Noticed a centaur warrior
   684 | D        | Noticed a centaur warrior
   705 | D        | Killed a centaur warrior
   705 | D        | Reached skill level 11 in Axes
   705 | D        | Reached skill level 10 in Armour
   705 | D        | Reached skill level 10 in Shields
   705 | D        | Reached XP level 8. HP: 20/82 MP: 8/8
  1002 | D        | HP: 2/82 [centaur warrior (10)]
  1005 | D        | Killed a centaur warrior
  1005 | D        | Reached * piety under Vehumet
  1005 | D        | Offered knowledge of Magic Dart by Vehumet.
  1005 | D        | Reached skill level 12 in Axes
  1005 | D        | Reached skill level 1 in Throwing
  1005 | D        | Reached XP level 9. HP: 3/90 MP: 9/9
  1008 | D        | Learned a level 1 spell: Magic Dart
  1039 | D        | Noticed a hornet
  1372 | D        | Killed a hornet
  1372 | D        | Reached skill level 13 in Axes
  1553 | D        | Noticed an oklob plant
  1565 | D        | Splashed by an oklob plant's acid

Vault maps used:
D:        dungeon_sprint_1

Skill      XL: |  1  2  3  4  5  6  7  8  9 |
---------------+----------------------------+-----
Fighting       | 5 6 8 9 11 | 11.8
Axes           | 3 5 6 8 11 12 13 | 13.0
Armour         | 4 6 7 8 10 11 | 11.0
Shields        | 4 6 8 9 10 11 | 11.4
Dodging        | 1 2 3 |  3.5
Throwing       | 1 |  1.1
Stealth        | |  0.4

Action                   |  1- 3 |  4- 6 |  7- 9 || total
-------------------------+-------+-------+-------++-------
Melee: War axe           |    25 |    23 |    45 ||    93
Throw: Tomahawk          |       |       |     5 ||     5
 Cast: Magic Dart        |       |       |     2 ||     2
  Use: Potion            |     1 |       |     3 ||     4
  Eat: Ration            |       |       |     1 ||     1
Armor: Scale mail        |     4 |     4 |     5 ||    13
       Ring mail         |       |     1 |       ||     1
       Robe              |       |       |     2 ||     2
Dodge: Dodged            |     7 |     5 |    13 ||    25
Block: Shield            |    14 |     8 |    30 ||    52

Table legend:
 A = Non-vault XP
 B = Vault XP
 C = Vault XP percentage of total XP
 D = Non-vault monster count
 E = Vault monster count
 F = Vault count percentage of total count
                 A         B        C        D         E       F
            +---------+---------+-------+---------+---------+-------
      Total |       0 |    2792 | 100.0 |       0 |       8 | 100.0
            +---------+---------+-------+---------+---------+-------
          D |       0 |    2792 | 100.0 |       0 |       8 | 100.0
            +---------+---------+-------+---------+---------+-------
